Map: Ephemeron LE

Players

NYK - Winner!

  • Race: Zerg Zerg
  • League: Grandmaster
  • Spawn Location: 5:00

Punakha

  • Race: Terran Terran
  • Spawn Location: 11:00

VOD

Have the link to the VOD?

Description

Time

  • Played on: Oct. 5, 2019, 1:58 p.m.
  • Length: 20:06
Show
View Real Time Build Order
Export as new Build Order

NYK Zerg - Winner!

Build Orders: Hatch First 

Get SALT Encoding   

  12  0:00  Drone  
  13  0:12  Overlord  
  13  0:18  Drone  
  14  0:30  Drone x2  
  16  0:49  Hatchery  
  15  0:52  Drone  
  15  0:55  Drone  
  17  1:03  Drone  
  18  1:06  Extractor  
  17  1:17  Spawning Pool  
  16  1:20  Drone x2  
  18  1:29  Drone  
  19  1:39  Drone  
  20  1:49  Overlord  
  20  2:04  Queen x2  
  20  2:05  Zergling x4  
  26  2:13  Metabolic Boost  
  26  2:14  Drone  
  27  2:17  Drone  
  28  2:25  Drone  
  28  2:26  Drone  
  30  2:52  Overlord  
  30  3:04  Extractor  
  29  3:09  Hatchery  
  29  3:11  Queen  
  29  3:12  Pneumatized Carapace  
  30  3:13  Drone x6  
  36  3:28  Zergling x4  
  38  3:41  Overlord  
  38  3:44  Drone  
  39  3:50  Queen  
  39  3:52  Overlord  
  39  3:54  Queen  
  43  4:00  Drone x5  
  48  4:09  Baneling Nest  
  47  4:10  Zergling x4  
  49  4:20  Overlord  
  49  4:23  Zergling x4  
  51  4:26  Queen  
  53  4:34  Zergling x2  
  53  4:35  Zergling x2  
  55  4:40  Drone  
  55  4:41  Queen, Drone x4  
  62  4:53  Spore Crawler  
  62  4:54  Spore Crawler, Lair  
  62  4:56  Drone x4  
  64  5:04  Overlord  
  64  5:23  Queen, Drone x10  
  64  5:26  Extractor  
  64  5:27  Extractor  
  74  5:30  Evolution Chamber  
  74  5:32  Evolution Chamber  
  72  5:36  Drone  
  72  5:37  Drone x5  
  77  5:52  Zergling x8  
  77  5:56  Zergling x2  
  77  5:57  Zergling x8  
  77  6:01  Centrifical Hooks  
  77  6:02  Zerg Melee Weapons Level 1  
  77  6:03  Queen  
  80  6:05  Extractor  
  80  6:06  Extractor  
  80  6:07  Drone  
  80  6:08  Overlord x2, Drone x2  
  80  6:09  Overlord x2  
  81  6:14  Zerg Ground Armor Level 1  
  82  6:25  Baneling x3  
  82  6:29  Drone x6  
  82  6:30  Hatchery  
  87  6:36  Baneling x2  
  87  6:39  Zergling x10  
  94  6:40  Zergling x4  
  94  6:49  Baneling  
  94  6:50  Baneling x2  
  94  6:57  Zergling x10  
  94  6:58  Extractor  
  93  7:15  Drone x3  
  94  7:17  Extractor  
  94  7:18  Drone x3  
  94  7:20  Infestation Pit  
  94  7:22  Drone x8  
  105  7:29  Overseer  
  104  7:40  Zergling x10  
  103  7:45  Hatchery  
  103  7:48  Zergling x10  
  103  7:49  Queen  
  109  7:53  Spore Crawler, Hatchery  
  109  7:55  Baneling  
  109  7:56  Baneling x2  
  107  8:01  Overlord x2  
  107  8:08  Zergling x10  
  107  8:09  Overlord  
  107  8:10  Overlord x2  
  112  8:13  Hive  
  112  8:14  Zerg Melee Weapons Level 2  
  112  8:16  Zerg Ground Armor Level 2  
  111  8:27  Drone  
  111  8:28  Drone x13  
  111  8:31  Baneling x10  
  111  8:32  Baneling x2  
  111  8:33  Baneling  
  125  8:46  Zergling x2  
  125  8:47  Zergling x12  
  132  8:50  Extractor  
  131  9:01  Zergling x20  
  140  9:05  Baneling  
  140  9:06  Baneling x3  
  140  9:07  Overseer x2  
  140  9:10  Baneling  
  140  9:11  Hatchery, Baneling x3  
  139  9:18  Spire  
  139  9:19  Zergling x22  
  139  9:21  Baneling x3  
  139  9:22  Baneling  
  149  9:35  Baneling x12  
  149  9:36  Baneling  
  145  9:47  Zergling x2, Adrenal Glands  
  145  9:48  Zergling x26, Ultralisk Cavern  
  157  9:53  Overseer  
  154  10:05  Baneling x3  
  119  10:18  Zergling x22  
  119  10:19  Zergling x12  
  117  10:27  Queen  
  117  10:28  Queen x3  
  117  10:32  Zergling x20  
  117  10:33  Zergling x2  
  132  10:42  Zergling x6  
  132  10:46  Baneling  
  132  10:47  Baneling x11  
  126  10:51  Baneling x2  
  126  10:52  Baneling x5  
  126  10:53  Zergling x20  
  126  10:57  Chitinous Plating  
  134  11:05  Ultralisk  
  140  11:15  Ultralisk  
  143  11:38  Zergling x2  
  143  11:39  Zergling x20  
  132  11:40  Overlord  
  132  11:41  Overlord x3  
  126  11:47  Ultralisk  
  127  11:55  Corruptor  
  127  11:56  Corruptor x2  
  130  12:03  Hatchery  
  130  12:07  Ultralisk  
  130  12:08  Ultralisk x2  
  143  12:10  Baneling x14  
  143  12:20  Extractor  
  142  12:23  Burrow  
  142  12:24  Corruptor x2  
  142  12:25  Spore Crawler, Corruptor  
  147  12:30  Baneling x3  
  147  12:38  Zerg Ground Armor Level 3  
  144  12:49  Drone x6  
  140  12:58  Zergling x2  
  140  12:59  Zergling x22  
  152  13:15  Drone  
  152  13:16  Queen, Drone x3  
  152  13:18  Zerg Melee Weapons Level 3  
  158  13:30  Corruptor x2  
  162  13:36  Zerg Flyer Weapons Level 1  
  162  13:37  Anabolic Synthesis  
  162  13:41  Zergling x2  
  162  13:42  Zergling x12  
  162  13:43  Overlord x2  
  162  13:44  Overlord x2, Overseer  
  167  13:59  Baneling  
  167  14:00  Baneling x11  
  167  14:07  Zergling x4  
  167  14:08  Zergling x2  
  167  14:09  Baneling  
  167  14:14  Pathogen Glands  
  167  14:16  Drone x4  
  171  14:18  Queen  
  171  14:19  Extractor  
  171  14:23  Zergling x20  
  171  14:24  Zergling x24  
  192  14:44  Overseer  
  191  14:49  Spire  
  190  14:53  Extractor  
  189  15:00  Zergling x2  
  189  15:01  Zergling x18  
  167  15:35  Ultralisk x2  
  163  15:49  Zergling x38  
  180  15:50  Zergling x18  
  180  15:52  Queen, Greater Spire  
  180  15:53  Queen  
  180  15:56  Hatchery  
  187  16:05  Corruptor x2  
  187  16:06  Corruptor x2  
  187  16:07  Overseer x2  
  187  16:08  Overseer x2  
  187  16:10  Baneling  
  187  16:11  Baneling x9  
  195  16:12  Zerg Flyer Weapons Level 2  
  195  16:16  Overlord  
  195  16:17  Overlord  
  173  17:09  Infestor x3  
  142  17:19  Corruptor x4  
  150  17:27  Ultralisk x4  
  174  17:36  Brood Lord x3  
  180  17:43  Spore Crawler  
  179  17:53  Extractor  
  179  17:56  Zergling x24  
  188  18:09  Zerg Flyer Armor Level 1  
  188  18:10  Brood Lord x2  
  188  18:11  Brood Lord x2  
  196  18:18  Overlord x2  
  196  18:27  Nydus Network  
  196  18:28  Nydus Network  
  196  18:33  Corruptor x2  
  198  18:59  Hatchery  
  196  19:13  Corruptor  
  196  19:14  Corruptor x2  
  196  19:30  Corruptor x3  
  196  19:31  Corruptor  
Show
View Real Time Build Order
Export as new Build Order

Punakha Terran 

Build Orders: Liberator Opening, Reaper Expand 

Get SALT Encoding   

  12  0:00  SCV  
  13  0:13  SCV  
  14  0:17  Supply Depot  
  14  0:25  SCV  
  15  0:39  SCV  
  15  0:40  Barracks  
  16  0:45  Refinery  
  16  0:51  SCV  
  17  1:03  SCV  
  18  1:15  SCV  
  19  1:28  Orbital Command, Reaper  
  20  1:40  Command Center  
  20  1:49  Supply Depot  
  20  1:54  SCV  
  21  2:00  Marine  
  22  2:06  SCV  
  23  2:13  Factory  
  23  2:18  SCV  
  23  2:20  Refinery  
  23  2:22  Barracks Reactor  
  24  2:30  SCV  
  25  2:42  SCV  
  26  2:54  SCV  
  26  2:55  Orbital Command  
  26  3:06  SCV  
  27  3:16  Starport  
  27  3:19  SCV  
  28  3:21  Hellion x2  
  28  3:24  SCV, Barracks Tech Lab  
  33  3:36  SCV  
  33  3:37  Liberator  
  33  3:40  SCV  
  34  3:43  Hellion x2  
  34  3:45  Supply Depot  
  38  3:48  SCV  
  38  3:54  SCV  
  43  4:00  SCV  
  44  4:05  Command Center  
  44  4:06  SCV  
  47  4:10  Hellion x2  
  47  4:13  SCV  
  50  4:17  Supply Depot  
  50  4:20  SCV  
  50  4:22  Marine  
  52  4:25  SCV  
  52  4:27  Stimpack  
  53  4:36  SCV  
  54  4:41  SCV  
  54  4:44  Marine, Engineering Bay  
  56  4:48  Starport Reactor  
  56  4:49  Factory Reactor  
  56  4:50  SCV, Barracks  
  56  4:52  Barracks  
  57  4:53  SCV  
  57  4:54  Engineering Bay  
  58  5:02  SCV  
  58  5:05  SCV  
  60  5:07  Marine  
  60  5:12  Supply Depot  
  59  5:14  SCV  
  59  5:17  SCV  
  61  5:26  SCV  
  62  5:32  SCV  
  61  5:36  Orbital Command  
  61  5:37  Terran Infantry Armor Level 1, Terran Infantry Weapons Level 1  
  61  5:41  Marine x2, Refinery  
  62  5:43  Marine  
  62  5:48  Factory Tech Lab  
  63  5:57  Marine x2  
  63  5:58  Marine, Medivac x2  
  63  5:59  Marine, SCV  
  63  6:00  Marine  
  63  6:02  SCV  
  72  6:06  Orbital Command  
  72  6:09  Combat Shield, Refinery  
  72  6:10  Siege Tank  
  72  6:11  SCV, Barracks  
  76  6:14  SCV  
  76  6:15  Barracks  
  77  6:19  Marine  
  77  6:20  Marine x2  
  77  6:21  Marine  
  77  6:23  SCV  
  82  6:26  SCV  
  82  6:31  SCV  
  84  6:35  SCV  
  85  6:43  Marine x2, SCV x2, Armory  
  89  6:47  SCV  
  89  6:50  Siege Tank  
  89  6:52  Supply Depot x2  
  93  6:59  Barracks Reactor  
  93  7:02  Supply Depot  
  93  7:06  Marine  
  93  7:13  Marine x3, SCV  
  93  7:15  Marine x2  
  98  7:16  Medivac x2  
  98  7:17  SCV x2  
  98  7:19  Supply Depot  
  98  7:20  Supply Depot  
  98  7:22  Barracks  
  105  7:24  Marine, Barracks  
  105  7:29  Barracks  
  106  7:31  Marine x3  
  109  7:41  Marine x4  
  109  7:42  Siege Tank  
  109  7:43  Terran Infantry Armor Level 2, Terran Infantry Weapons Level 2  
  117  7:48  Marine x2  
  118  7:51  Barracks Reactor  
  118  7:53  Supply Depot  
  118  7:54  Terran Vehicle Weapons Level 1  
  118  8:00  Supply Depot  
  118  8:01  Supply Depot  
  118  8:03  Marine  
  118  8:04  Marine x4  
  123  8:06  Marine x2  
  125  8:14  Marine x2  
  125  8:16  Supply Depot  
  125  8:18  Supply Depot  
  126  8:21  Marine  
  126  8:22  Marine x4  
  126  8:23  Marine  
  126  8:24  Marine x2  
  134  8:32  Marine x4  
  138  8:34  Siege Tank  
  138  8:39  Marine x5  
  138  8:41  Marine  
  144  8:42  Marine x2  
  144  8:48  Supply Depot  
  147  8:49  Marine x2  
  147  8:50  Marine x2  
  147  8:54  Supply Depot, Medivac x2  
  155  8:57  Marine x2  
  157  9:06  Siege Tank  
  157  9:07  Marine x9  
  157  9:08  Marine  
  170  9:18  Marine  
  170  9:19  Supply Depot  
  170  9:21  Supply Depot  
  170  9:22  Command Center  
  171  9:24  Medivac x2  
  171  9:26  Supply Depot  
  175  9:37  Marine x2  
  176  9:38  Marine  
  176  9:39  Marine x7, Siege Tank  
  176  9:42  Refinery x2  
  176  9:45  Marine x2  
  177  10:01  Marine  
  177  10:02  Marine x3  
  177  10:04  Marine  
  177  10:05  Marine  
  183  10:11  Siege Tank  
  144  10:18  Marine  
  144  10:19  Marine x6  
  115  10:26  Marine x5  
  120  10:30  Liberator x2  
  120  10:36  Marine  
  120  10:37  Marine x6  
  126  10:44  Marine x5, Siege Tank  
  131  10:54  Marine x6  
  131  10:55  Marine  
  131  10:56  SCV  
  139  10:59  Terran Infantry Weapons Level 3  
  139  11:02  Marine  
  140  11:14  Barracks Tech Lab x3  
  140  11:15  SCV x3  
  143  11:22  Planetary Fortress  
  143  11:39  Marine x7  
  97  11:47  Marine  
  97  11:50  Marine  
  97  11:51  Marine x3  
  97  11:54  Siege Tank  
  95  11:57  Marine x6  
  101  12:09  Marine x2, Marauder x4  
  101  12:14  Marine  
  101  12:15  Marine x3  
  115  12:16  Marine  
  116  12:26  Marine  
  117  12:30  Siege Tank, Marauder x2  
  117  12:31  Marine, Marauder x2  
  129  12:49  Command Center  
  126  12:52  Marauder x4  
  131  13:02  Marine  
  131  13:03  Marine x2  
  131  13:04  Marine, Siege Tank  
  131  13:05  Marine x4  
  142  13:13  Marauder x4  
  150  13:20  Marine, Medivac x2  
  150  13:21  Marine  
  156  13:31  Starport  
  156  13:32  Marine  
  156  13:33  Starport  
  157  13:34  Marauder  
  157  13:35  Marauder x2  
  163  13:42  Marine x2  
  163  13:43  Siege Tank, Marauder  
  170  13:56  Marauder  
  170  14:01  Marine, Terran Ship Weapons Level 1, Ghost Academy  
  170  14:02  Marine, Marauder x2  
  162  14:22  Marine, Marauder  
  165  14:28  Marine  
  165  14:29  Marauder  
  168  14:33  Starport  
  166  14:43  Marine  
  161  14:46  Liberator  
  161  14:47  Liberator x3  
  161  14:49  Terran Infantry Armor Level 3  
  169  15:20  Marine, Marauder, Missile Turret  
  172  15:21  Missile Turret  
  164  15:38  Liberator x3  
  164  15:39  Marine, Liberator x2  
  164  15:40  Marauder  
  134  15:54  Marine x9  
  134  15:55  Siege Tank, Marauder  
  161  16:01  Marine  
  161  16:02  Marauder  
  160  16:05  Command Center  
  156  16:12  Marine  
  156  16:13  Marine, Marauder x2  
  156  16:16  Marauder  
  156  16:17  Marine  
  163  16:23  Marauder  
  165  16:32  Marine  
  166  16:33  Siege Tank  
  166  16:34  Marauder x2  
  166  16:38  Marauder  
  153  16:55  Marine  
  153  16:56  Marauder  
  140  17:14  Marine  
  140  17:15  Marauder  
  108  17:18  Marine x7  
  108  17:19  Medivac x2, Siege Tank, Marauder  
  108  17:20  Medivac  
  126  17:25  Liberator  
  126  17:32  Marine x2, Liberator x2  
  126  17:33  Marauder  
  126  17:35  Medivac  
  126  17:36  Marine, Marauder  
  135  17:41  Terran Ship Weapons Level 2  
  144  17:56  Orbital Command  
  142  18:01  Viking  
  142  18:02  Marine  
  142  18:03  Marauder  
  142  18:05  Viking  
  147  18:13  Marine  
  148  18:23  Marine  
  148  18:25  Viking  
  151  18:31  Viking  
  151  18:32  Viking  
  155  18:38  Viking x2  
  154  19:02  Marine x2  
  158  19:03  Marauder x2  
  158  19:06  Viking x3  
  156  19:12  Viking x2  
  139  19:28  Marine  
  139  19:29  Marauder  
  121  19:31  Marine  
  121  19:32  Marine x7, Marauder  
Tags
 
Add a new tag
Caveats
  • Supply blocks, unpowered buildings, or Contaminate may cause inaccurate times.
  • Supply counts are checked every 10 seconds.